 Dungeon Crawl Stone Soup version 0.20.0-8-g6b59dc7 (webtiles) character file.

113 Chiseanne the Vexing (level 4, -2/26 HPs)
             Began as a Deep Elf Arcane Marksman on June 2, 2017.
             Was an Initiate of Okawaru.
             Blown up by Ijyb (21 damage)
             ... with a wand of disintegration (?/24)
             ... on level 3 of the Dungeon.
             The game lasted 00:05:10 (2686 turns).

Chiseanne the Vexing (Deep Elf Arcane Marksman)     Turns: 2686, Time: 00:05:10

Health: -2/26      AC:  4    Str:  8    XL:     4   Next: 65%
Magic:  7/10       EV: 13    Int: 18    God:    Okawaru [......]
Gold:   103        SH:  0    Dex: 15    Spells: 6/9 levels left

rFire    . . .     SeeInvis .   a - +0 hand crossbow
rCold    . . .     Gourm    .   (no shield)
rNeg     . . .     Faith    .   i - +0 leather armour {MR+}
rPois    .         Spirit   .   (no helmet)
rElec    .         Reflect  .   q - +0 cloak
rCorr    .         Harm     .   (no gloves)
MR       +....                  (no boots)
Stlth    +.........             (no amulet)
Regen    0.1/turn               (no ring)
MPRegen  0.2/turn               (no ring)

@: no status effects
A: no striking features
a: Renounce Religion


You were on level 3 of the Dungeon.
You worshipped Okawaru.
Okawaru was noncommittal.
You were not hungry.

You visited 1 branch of the dungeon, and saw 3 of its levels.

You collected 103 gold pieces.

Inventory:

Hand Weapons
 a - a +0 hand crossbow (weapon)
 e - a +1 vampiric whip
 h - a +0 whip
Missiles
 b - 21 stones
 d - 3 bolts (quivered)
 o - 41 sling bullets
Armour
 g - a +2 shield
 i - a +0 leather armour of magic resistance (worn)
 q - a +0 cloak (worn)
Jewellery
 l - a cursed ring of flight {unknown}
Scrolls
 j - 3 scrolls of teleportation
 p - a scroll of remove curse
Books
 c - a book of Debilitation

   Spells                             Type                      Level
   a - Corona                         Hexes                        1
   b - Slow                           Hexes                        2
   c - Inner Flame                    Hexes/Fire                   3
   d - Portal Projectile              Hexes/Translocation          3
   e - Cause Fear                     Hexes                        4
   f - Leda's Liquefaction            Hexes/Earth                  4
Comestibles
 f - 3 bread rations
 k - a meat ration
 n - 3 fruits


   Skills:
 * Level 1.9 Fighting
 * Level 2.8 Crossbows
 * Level 0.0 Armour
 * Level 3.3 Dodging
 * Level 3.2 Spellcasting
 - Level 4.0 Hexes


You had 6 spell levels left.
You knew the following spells:

 Your Spells              Type           Power        Failure   Level  Hunger
a - Corona                Hex            ###....      4%          1    None
b - Slow                  Hex            ###.....     7%          2    ##.....


Dungeon Overview and Level Annotations

Branches:
Dungeon (3/15)

Altars:
Cheibriados
Hepliaklqana
Makhleb
Okawaru
Qazlal
Zin

Annotations:
D:3 Ijyb


Message History

Ijyb is almost dead.
Ijyb is no longer moving slowly.
Ijyb zaps a wand.
You resist with some effort.
Firing (i - inventory. (,) - cycle):
d - 6 bolts (quivered)
Press: ? - help, Shift-Dir - straight line, f/p - Ijyb
Aim: Ijyb, wearing a shiny ring mail and carrying a wand of disintegration (?/24) {zapped: 4} (almost dead, softly glowing)
You shoot a bolt. The bolt completely misses Ijyb.
Ijyb barely misses you.
Firing (i - inventory. (,) - cycle):
d - 5 bolts (quivered)
Press: ? - help, Shift-Dir - straight line, f/p - Ijyb
Aim: Ijyb, wearing a shiny ring mail and carrying a wand of disintegration (?/24) {zapped: 4} (almost dead, softly glowing)
You shoot a bolt. The bolt hits Ijyb but does no damage.
Ijyb is almost dead.
Ijyb zaps a wand.
You are blasted!
Ijyb barely misses you.
Firing (i - inventory. (,) - cycle):
d - 4 bolts (quivered)
Press: ? - help, Shift-Dir - straight line, f/p - Ijyb
Aim: Ijyb, wearing a shiny ring mail and carrying a wand of disintegration (?/24) {zapped: 5} (almost dead, softly glowing)
You shoot a bolt. The bolt hits Ijyb but does no damage.
Ijyb is almost dead.
Ijyb stops glowing.
Ijyb zaps a wand.
You are blasted!
Ouch! That really hurt!
You die...

###
#########.##
#........#.##
#.#####.###.###
#.# #.## ##..#
#.# ##.###.#@#
# #.# #..#.##g#
## #.#
#.#.###(#
.###.# #.#.#
#)# #....#
#.#.# #(.
.##### #.#.#
#.# ## #....
#.. # #.... #(.
. ..... %(#


You could see Ijyb.

Vanquished Creatures
  An orc wizard (D:3)
  3 adders
  A worm (D:2)
  A dart slug (D:2)
  A leopard gecko (D:3)
  An orc (D:3)
  2 ball pythons
  4 giant cockroaches (D:1)
  5 goblins
  6 hobgoblins
  4 jackals (D:2)
  A quokka (D:3)
  10 bats
  4 frilled lizards
  3 kobolds
  4 rats
51 creatures vanquished.

Notes
Turn   | Place    | Note
-------+----------+-------------------------------------------
     0 | D:1      | Chiseanne the Deep Elf Arcane Marksman began the quest for the Orb.
     0 | D:1      | Reached XP level 1. HP: 11/11 MP: 5/5
     3 | D:1      | Reached skill level 1 in Fighting
    68 | D:1      | Reached XP level 2. HP: 16/16 MP: 6/6
   243 | D:1      | You fall through a shaft!
   374 | D:2      | Found a stormy altar of Qazlal.
   654 | D:1      | Reached XP level 3. HP: 15/20 MP: 6/8
  1300 | D:2      | Found an iron altar of Okawaru.
  1300 | D:2      | Found a glowing silver altar of Zin.
  1307 | D:2      | Became a worshipper of Warmaster Okawaru
  1652 | D:2      | Found a burning altar of Makhleb.
  1653 | D:2      | Found a snail-covered altar of Cheibriados.
  1656 | D:2      | Found a hazy altar of Hepliaklqana.
  1992 | D:2      | Reached XP level 4. HP: 25/25 MP: 8/10
  2102 | D:2      | Learned a level 2 spell: Slow
  2661 | D:3      | Noticed Ijyb
  2686 | D:3      | Blown up by Ijyb

Skill      XL: |  1  2  3  4 |
---------------+-------------+-----
Fighting       | 1 |  1.9
Crossbows      | 2 |  2.8
Spellcasting   | 2 3 |  3.2
Dodging        | 3 |  3.3
Hexes          | |  4.0

Action                   |  1- 3 |  4- 6 || total
-------------------------+-------+-------++-------
 Fire: Hand crossbow     |   109 |    41 ||   150
 Cast: Corona            |     9 |     8 ||    17
       Slow              |       |     1 ||     1
  Use: Scroll            |     2 |       ||     2
       Potion            |       |     1 ||     1
  Eat: Chunk             |     3 |     2 ||     5
Armor: Leather armour    |    21 |     4 ||    25
Dodge: Dodged            |    50 |    12 ||    62
